 Dungeon Crawl Stone Soup version 0.30.0-29-ga12c61a403 (webtiles) character file.

Game seed: 819083362577018632

2270 qw the Cleaver (level 9, -2/57 HPs)
             Began as a Gargoyle Fighter on June 2, 2023.
             Slain by a gnoll
             ... wielding a +0 halberd
             ... led by a gnoll sergeant
              (7 damage)
             ... on level 6 of the Dungeon.
             The game lasted 00:02:44 (5155 turns).

qw the Cleaver (Gargoyle Fighter)                   Turns: 5155, Time: 00:02:44

Health: -2/57      AC: 22    Str: 27    XL:     9   Next: 38%
Magic:  9/9        EV:  8    Int: 12    God:
Gold:   425        SH:  7    Dex:  9    Spells: 8/8 levels left

rFire   . . .        Y - +1 war axe (venom)
rCold   . . .        a - +3 warlock's mirror {omnireflect}
rNeg    + . .        e - +0 chain mail "Racvya" {*Corrode Will+ Str+3 Int+3}
rPois   inf          (no helmet)
rElec   +            r - +1 cloak
rCorr   .            (no gloves)
SInv    .            (no boots)
Will    +....        k - amulet of regeneration Stlth
                     p - +4 ring of protection
HPRegen 1.09/turn    (no ring)
MPRegen 0.11/turn

%: corrode self (3%), reflection
@: no status effects
A: sickness immunity, AC +6, negative energy resistance 1, electricity
resistance, torment resistance 1, petrification resistance
a: no special abilities


You were on level 6 of the Dungeon.
You visited 2 branches of the dungeon, and saw 7 of its levels.

You collected 458 gold pieces.
You spent 33 gold pieces at shops.


Innate Abilities, Weirdness & Mutations

You are immune to sickness and miasma.
Your stone body is resilient. (AC +6)
You are immune to poison.
You resist negative energy. (rN+)
You are resistant to electric shocks. (rElec)
You are resistant to unholy torment.
You are immune to petrification.


   Skills:
 - Level 7.0 Fighting
 + Level 9.3 Axes
 - Level 1.2 Throwing
 - Level 4.2 Armour
 - Level 1.0 Dodging
 - Level 4.4 Shields


You had 8 spell levels left.
You didn't know any spells.
Your spell library was empty.

Inventory:

Hand Weapons
 b - a +0 morningstar
 Y - a +1 war axe of venom (weapon)
Missiles
 i - 4 boomerangs (quivered)
Armour
 a - the +3 warlock's mirror (worn) {omnireflect}
   (You acquired it on level 3 of the Dungeon)

   Omnireflect: It can block and reflect piercing ranged attacks and magical
   attacks against the wielder's willpower.
 e - the +0 chain mail "Racvya" (worn) {*Corrode Will+ Str+3 Int+3}
   (You found it on level 5 of the Dungeon)

   Str:       It affects your strength (+3).
   Int:       It affects your intelligence (+3).
   *Corrode:  It may corrode you when you take damage.
   Will:      It increases your willpower.
 h - a +0 chain mail
 r - a +1 cloak (worn)
Jewellery
 k - an amulet of regeneration (around neck)
 p - a +4 ring of protection (left hand)
Scrolls
 o - a scroll of identify
Potions
 d - 2 potions of might
 g - a potion of berserk rage {unknown}
 j - a potion of heal wounds {unknown}
 l - a potion of magic {unknown}
 n - a potion of haste
 t - a potion of flight {unknown}

Dungeon Overview and Level Annotations

Branches:
Dungeon (6/15)             Temple (1/1) D:5

Altars:
Dithmenos
Gozag
Hepliaklqana
Makhleb
Nemelex Xobeh
Qazlal
Ru
Sif Muna
Vehumet
Wu Jian
Xom
Yredelemnul
Zin
The Shining One

Shops:
D:5 *   D:6 =

Annotations:
D:2 1 runed translucent door, Crazy Yiuf
D:3 3 runed translucent doors, qw's ghost, amateur GrFi


Message History

The gnoll is heavily wounded.
The gnoll barely misses you. The gnoll hits you but does no damage.
You block the gnoll's attack.
The gnoll sergeant hits you from afar with a +3 vampiric spear!
The gnoll hits you but does no damage. x3
The gnoll sergeant hits you from afar with a +3 vampiric spear.
You slice the gnoll!!
You kill the gnoll!
You hit the ufetubus.
The ufetubus is poisoned.
The ufetubus hits you but does no damage.
You block the ufetubus's attack. The ufetubus closely misses you.
The ufetubus misses you. You block the gnoll's attack.
The gnoll hits you but does no damage.
The gnoll sergeant hits you but does no damage.
Your Fighting skill increases to level 7!
You slice the ufetubus!!
You kill the ufetubus!
You hit the orc. The gnoll closely misses you.
The gnoll hits you from afar with a +0 spear.
The gnoll sergeant hits you from afar with a +3 vampiric spear!
The orc barely misses you.
You barely miss the orc.
The orc is lightly wounded.
The gnoll hits you from afar with a +0 halberd.
The gnoll hits you but does no damage. You block the gnoll sergeant's attack.
You block the orc's attack.
You slash the orc!
You kill the orc!
You closely miss the gnoll.
You block the gnoll's attack. x2; The gnoll sergeant barely misses you.
The gnoll hits you but does no damage.
You closely miss the gnoll.
The gnoll hits you from afar with a +0 halberd.
The gnoll sergeant hits you but does no damage.
The gnoll hits you but does no damage.
You hit the gnoll.
The gnoll is poisoned.
The gnoll is moderately wounded.
The gnoll hits you from afar with a +0 halberd!
You die...

#..#.## #.# ......#
#.# ######+ .####.#
#.#### .......
...##.###....# ......
....#.....##.# .....
....#..#####.####o..7
_.....## #...<#gg)7
....#.# ######)g.7
....#.# ##.@g?.7
...##.# #..#...7
)####.########..#...7
...............##...7
#.#.##.#########
..... #(..##.#####
...... .)##.......#
....... ####.#####.#
######+ #.#


You could see a gnoll sergeant, an orc priest and 3 gnolls.

Vanquished Creatures
  Prince Ribbit (D:5)
  Grinder (D:4)
  Sigmund (D:5)
  A black bear (D:6)
  2 sky beasts (D:6)
  2 ice beasts
  An ogre (D:5)
  A phantom (D:5)
  5 scorpions
  A crimson imp (D:6)
  An orc priest (D:5)
  4 hounds
  2 jellies
  A gnoll bouda (D:5)
  Ijyb (D:5)
  2 iguanas (D:5)
  Natasha (thrice) (D:2)
  4 orc wizards (D:5)
  Terence (D:2)
  10 gnolls
  2 adders
  A shadow imp (D:5)
  An ufetubus (D:6)
  5 worms
  A dart slug (D:2)
  22 orcs
  7 ball pythons
  6 bats (D:1)
  8 endoplasms
  4 giant cockroaches
  9 goblins
  5 hobgoblins
  4 jackals (D:4)
  4 quokkas
  2 frilled lizards
  A goblin skeleton (D:6)
  A goblin zombie (D:6)
  3 hobgoblin zombies (D:6)
  9 kobolds
  A kobold skeleton (D:6)
  A kobold zombie (D:6)
  2 orc skeletons (D:6)
  2 orc zombies (D:6)
  5 rats
151 creatures vanquished.

Notes
Turn   | Place    | Note
-------+----------+-------------------------------------------
     0 | D:1      | qw the Gargoyle Fighter began the quest for the Orb.
     0 | D:1      | Reached XP level 1. HP: 14/14 MP: 1/1
     0 | D:1      | 0 ||| qw: Version: 0.2-a-102-gdf20003
     0 | D:1      | 0 ||| qw: Game counter: 914
     0 | D:1      | 0 ||| qw: Always use a shield: true
     0 | D:1      | 0 ||| qw: God list: Okawaru
     0 | D:1      | 0 ||| qw: Allow faded altars: false
     0 | D:1      | 0 ||| qw: Do Orc after D:15 true
     0 | D:1      | 0 ||| qw: Do second Lair branch before Depths: true
     0 | D:1      | 0 ||| qw: Lair rune preference: random
     0 | D:1      | 0 ||| qw: Plans: Normal, Zot:1-4, Slime:5, God:TSO, Crypt,
                  | Tomb, Pan, Hells, Abyss, Win
     0 | D:1      | 0 ||| PLANNING D:1-11
    73 | D:1      | Reached skill level 2 in Axes
   148 | D:1      | Reached XP level 2. HP: 19/19 MP: 2/2
   162 | D:1      | 162 ||| DROPPING +0 club.
   663 | D:1      | Reached skill level 3 in Axes
   781 | D:1      | 781 ||| Stepping ~*~*~tactically~*~*~ (hiding).
   900 | D:1      | Reached XP level 3. HP: 23/23 MP: 3/3
  1128 | D:1      | 1128 ||| UPGRADING to amulet of regeneration.
  1133 | D:1      | 1133 ||| READING scroll labelled KUSKOFO KEBB.
  1134 | D:1      | 1134 ||| READING scroll labelled RISTRU VEISCH.
  1135 | D:1      | 1135 ||| READING 2 scrolls labelled PEMUOJ QAITS.
  1139 | D:1      | 1139 ||| READING scroll labelled WEINOMPODOUR.
  1140 | D:1      | 1140 ||| DRINKING 2 bubbling grey potions.
  1150 | D:1      | 1150 ||| DROPPING potion of ambrosia.
  1190 | D:2      | Noticed Natasha
  1194 | D:2      | Killed Natasha
  1212 | D:2      | Noticed Natasha
  1219 | D:2      | Killed Natasha
  1220 | D:2      | Reached skill level 4 in Axes
  1220 | D:2      | Reached XP level 4. HP: 27/28 MP: 4/4
  1229 | D:2      | Noticed Natasha
  1230 | D:2      | 1230 ||| Stepping ~*~*~tactically~*~*~ (stealth).
  1233 | D:2      | 1233 ||| Stepping ~*~*~tactically~*~*~ (stealth).
  1241 | D:2      | Killed Natasha
  1300 | D:2      | Noticed Terence
  1308 | D:2      | Killed Terence
  1309 | D:2      | Reached XP level 5. HP: 32/32 MP: 5/5
  1500 | D:2      | Found a runed translucent door.
  1501 | D:2      | Noticed Crazy Yiuf
  1833 | D:2      | 1833 ||| UPGRADING to +4 ring of protection.
  1834 | D:2      | 1834 ||| READING scroll labelled LECVAO PICYC MIU.
  1835 | D:2      | 1835 ||| READING scroll labelled HONYDU VERE.
  1836 | D:2      | 1836 ||| DRINKING 2 inky potions.
  1837 | D:2      | 1837 ||| DRINKING 2 emerald potions.
  1838 | D:2      | 1838 ||| DROPPING potion of degeneration.
  1916 | D:3      | Found a sparkling altar of Nemelex Xobeh.
  1916 | D:3      | Found a radiant altar of Vehumet.
  2000 | D:3      | 2000 ||| Stepping ~*~*~tactically~*~*~ (hiding).
  2002 | D:3      | 2002 ||| Stepping ~*~*~tactically~*~*~ (hiding).
  2010 | D:3      | Reached skill level 5 in Axes
  2204 | D:3      | 2204 ||| Stepping ~*~*~tactically~*~*~ (hiding).
  2553 | D:3      | Reached XP level 6. HP: 30/38 MP: 6/6
  2691 | D:3      | Found a runed translucent gate.
  2691 | D:3      | Found a runed translucent gate.
  2691 | D:3      | Found an opulent altar of Gozag.
  2691 | D:3      | Found a runed translucent gate.
  2692 | D:3      | Noticed a water moccasin
  2692 | D:3      | Noticed qw's ghost (amateur GrFi)
  2884 | D:3      | 2884 ||| DROPPING +6 ring of intelligence.
  2885 | D:3      | 2885 ||| READING scroll labelled VUCEBERO ZONO.
  2885 | D:3      | Identified a scroll of acquirement
  2885 | D:3      | 2885 ||| ACQUIRING +3 warlock's mirror {omnireflect}
  2885 | D:3      | Acquired the +3 warlock's mirror {omnireflect}
  2885 | D:3      | Found the +3 warlock's mirror {omnireflect}
  2887 | D:3      | 2887 ||| UPGRADING to +3 warlock's mirror {omnireflect}.
  2897 | D:3      | 2897 ||| DROPPING +0 buckler.
  2921 | D:4      | 2921 ||| Stepping ~*~*~tactically~*~*~ (stealth).
  2923 | D:4      | Noticed an ice beast
  2929 | D:4      | Noticed Grinder
  2943 | D:4      | HP: 7/38 [ice beast (10)]
  2944 | D:4      | 2944 ||| READING 2 scrolls of teleportation.
  2947 | D:4      | Killed an ice beast
  2948 | D:4      | Reached skill level 6 in Axes
  2975 | D:4      | Found a burning altar of Makhleb.
  3027 | D:4      | 3027 ||| Stepping ~*~*~tactically~*~*~ (stealth).
  3048 | D:4      | 3048 ||| Stepping ~*~*~tactically~*~*~ (stealth).
  3090 | D:4      | Reached XP level 7. HP: 43/43 MP: 7/7
  3100 | D:4      | Killed Grinder
  3101 | D:4      | Reached skill level 7 in Axes
  3149 | D:4      | 3149 ||| DROPPING +0 whip.
  3340 | D:4      | 3340 ||| Stepping ~*~*~tactically~*~*~ (hiding).
  3342 | D:4      | 3342 ||| Stepping ~*~*~tactically~*~*~ (hiding).
  3343 | D:4      | 3343 ||| Stepping ~*~*~tactically~*~*~ (hiding).
  3344 | D:4      | 3344 ||| Stepping ~*~*~tactically~*~*~ (hiding).
  3345 | D:4      | 3345 ||| Stepping ~*~*~tactically~*~*~ (hiding).
  3481 | D:4      | 3481 ||| UPGRADING to +0 chain mail.
  3491 | D:4      | 3491 ||| DROPPING +0 scale mail.
  3492 | D:4      | 3492 ||| DROPPING +0 leather armour of fire resistance.
  3493 | D:4      | 3493 ||| UPGRADING to +1 cloak.
  3498 | D:4      | 3498 ||| READING scroll labelled QATYOCRIMON.
  3499 | D:4      | 3499 ||| READING scroll labelled PUORRANWOANG.
  3500 | D:4      | 3500 ||| READING 2 scrolls of identify.
  3500 | D:4      | 3500 ||| IDENTIFYING murky inky potion
  3501 | D:4      | 3501 ||| DROPPING potion of invisibility.
  3536 | D:5      | Entered Level 5 of the Dungeon
  3553 | D:5      | Reached skill level 1 in Dodging
  3560 | D:5      | 3560 ||| STAIRDANCE
  3582 | D:5      | 3582 ||| DROPPING +0 flail.
  3634 | D:5      | Found a staircase to the Ecumenical Temple.
  3635 | D:5      | 3635 ||| PLANNING TEMPLE
  3637 | D:5      | 3637 ||| Stepping ~*~*~tactically~*~*~ (stealth).
  3639 | D:5      | 3639 ||| Stepping ~*~*~tactically~*~*~ (hiding).
  3670 | D:5      | 3670 ||| Stepping ~*~*~tactically~*~*~ (stealth).
  3671 | D:5      | 3671 ||| Stepping ~*~*~tactically~*~*~ (hiding).
  3685 | D:5      | Reached skill level 1 in Throwing
  3685 | D:5      | Reached XP level 8. HP: 49/49 MP: 8/8
  3687 | D:5      | 3687 ||| Stepping ~*~*~tactically~*~*~ (hiding).
  3692 | D:5      | 3692 ||| DRINKING potion of curing.
  3692 | D:5      | 3692 ||| (to cure confusion)
  3705 | Temple   | Entered the Ecumenical Temple
  3738 | Temple   | 3738 ||| PLANNING D:1-11
  3755 | D:5      | Identified the +0 chain mail "Racvya" {*Corrode Will+ Str+3
                  | Int+3}
  3776 | D:5      | 3776 ||| Stepping ~*~*~tactically~*~*~ (hiding).
  3777 | D:5      | 3777 ||| Stepping ~*~*~tactically~*~*~ (hiding).
  3778 | D:5      | 3778 ||| Stepping ~*~*~tactically~*~*~ (hiding).
  3779 | D:5      | 3779 ||| Stepping ~*~*~tactically~*~*~ (hiding).
  3867 | D:5      | 3867 ||| Stepping ~*~*~tactically~*~*~ (hiding).
  3980 | D:5      | Reached skill level 8 in Axes
  4013 | D:5      | Found Japh's General Store.
  4016 | D:5      | 4016 ||| BUYING potion of curing (33 gold).
  4016 | D:5      | Bought a potion of curing for 33 gold pieces
  4046 | D:5      | 4046 ||| Stepping ~*~*~tactically~*~*~ (stealth).
  4047 | D:5      | 4047 ||| Stepping ~*~*~tactically~*~*~ (stealth).
  4058 | D:5      | Noticed Prince Ribbit
  4063 | D:5      | 4063 ||| Stepping ~*~*~tactically~*~*~ (stealth).
  4066 | D:5      | Killed Prince Ribbit
  4067 | D:5      | Reached skill level 6 in Fighting
  4080 | D:5      | Found an opulent altar of Gozag.
  4391 | D:5      | HP: 10/51 [ogre/+0 giant club (23)]
  4392 | D:5      | 4392 ||| READING scroll of teleportation.
  4393 | D:5      | Reached XP level 9. HP: 12/55 MP: 9/9
  4554 | D:5      | Noticed Ijyb
  4555 | D:5      | 4555 ||| Stepping ~*~*~tactically~*~*~ (hiding).
  4559 | D:5      | 4559 ||| DRINKING potion of curing.
  4559 | D:5      | 4559 ||| (to cure confusion)
  4615 | D:5      | Noticed Sigmund
  4616 | D:5      | 4616 ||| Stepping ~*~*~tactically~*~*~ (hiding).
  4619 | D:5      | 4619 ||| UPGRADING to +0 chain mail "Racvya" {*Corrode
                  | Will+ Str+3 Int+3}.
  4625 | D:5      | Killed Ijyb
  4654 | D:5      | Killed Sigmund
  4655 | D:5      | Reached skill level 9 in Axes
  4659 | D:5      | 4659 ||| UPGRADING to +0 chain mail "Racvya" {*Corrode
                  | Will+ Str+3 Int+3}.
  4727 | D:5      | 4727 ||| READING scroll labelled FUOZEA AMEUFEB.
  4728 | D:5      | 4728 ||| READING scroll labelled WEUCVO ILLO.
  4779 | D:6      | Found a glowing golden altar of the Shining One.
  4841 | D:6      | Found a shadowy altar of Dithmenos.
  5025 | D:6      | Found a shimmering blue altar of Sif Muna.
  5083 | D:6      | Found Xegoiniff's Jewellery Emporium.
  5098 | D:6      | 5098 ||| SHOPLISTING +4 ring of protection (468 gold, have
                  | 425).
  5098 | D:6      | 5098 ||| SHOPLISTING +4 ring of slaying (1014 gold, have
                  | 425).
  5098 | D:6      | 5098 ||| SHOPLISTING +5 ring of evasion (468 gold, have
                  | 425).
  5098 | D:6      | 5098 ||| SHOPLISTING +6 ring of dexterity (468 gold, have
                  | 425).
  5151 | D:6      | HP: 9/57 [gnoll sergeant/+3 vampiric spear (8)]
  5154 | D:6      | HP: 4/57 [gnoll/+0 halberd[a gnoll sergeant] (5)]
  5155 | D:6      | Slain by a gnoll

Levels and vault maps discovered:
D:1:      erik_arrival_blinker_ship, layout_basic
D:2:      layout_basic, uniq_natasha, uniq_crazy_yiuf_cottage, uniq_terence
D:3:      corexii_shack_village, layout_basic,
          gammafunk_temple_overflow_elements, ebering_ghost_gozag,
          minmay_distorted
D:4:      layout_cave_pools, nicolae_overflow_hidden_temple,
          kennysheep_small_square, uniq_grinder
D:5:      layout_basic, grunt_gozag_breadcrumbs, minmay_temple_entry_overgrown,
          serial_shops, nicolae_shop_real_fake_doors, minmay_door_square,
          uniq_sigmund, uniq_ijyb, uniq_prince_ribbit1
D:6:      layout_loops_ring, grunt_dithmenos_smoke_and_mirrors,
          nicolae_tso_besieged_by_evil, old_standard_altar, kennysheep_path_1,
          minmay_shop_enchanted_jewellery, kennysheep_windowed_goal
Temple:   nicolae_temple_little_seven

Skill      XL: |  1  2  3  4  5  6  7  8  9 |
---------------+----------------------------+-----
Axes           | 2 3 4 5 6 7 8 9 |  9.3
Fighting       | 4 5 6 7 |  7.0
Dodging        | 1 |  1.0
Throwing       | 1 |  1.2
Armour         | 4 |  4.2
Shields        | 4 |  4.4

Action                     |  1- 3 |  4- 6 |  7- 9 || total
---------------------------+-------+-------+-------++-------
  Melee: War axe           |    82 |   113 |   181 ||   376
  Throw: Boomerang         |       |    10 |    79 ||    89
    Use: Scroll            |     4 |     4 |     6 ||    14
         Potion            |     1 |     2 |     2 ||     5
 Armour: Scale mail        |    37 |    85 |     6 ||   128
         Chain mail        |       |       |    86 ||    86
  Dodge: Dodged            |    37 |    58 |    47 ||   142
  Block: Buckler           |    13 |    33 |    57 ||   103
         Reflection        |       |     1 |    11 ||    12

Table legend:
 A = Non-vault XP
 B = Vault XP
 C = Vault XP percentage of total XP
 D = Non-vault monster count
 E = Vault monster count
 F = Vault count percentage of total count
                 A         B        C        D         E       F
            +---------+---------+-------+---------+---------+-------
      Total |    2300 |     943 |  29.1 |     118 |      33 |  21.9
            +---------+---------+-------+---------+---------+-------
        D:1 |      34 |       0 |   0.0 |      22 |       0 |   0.0
        D:2 |     101 |      65 |  39.2 |      16 |       2 |  11.1
        D:3 |     138 |      26 |  15.9 |       9 |      13 |  59.1
        D:4 |     333 |     262 |  44.0 |      20 |       3 |  13.0
        D:5 |    1139 |     529 |  31.7 |      35 |       3 |   7.9
        D:6 |     555 |      61 |   9.9 |      16 |      12 |  42.9
            +---------+---------+-------+---------+---------+-------
